 Dungeon Crawl Stone Soup version 0.23.2-33-g5129a83184 (webtiles) character file.

Game seed: 7098557860525548157

9441 opellulo the Cleaver (level 11, -4/92 HPs)
             Began as a Minotaur Fighter on July 2, 2019.
             Was an Elder of Makhleb.
             Slain by a seven-headed hydra (7 damage)
             ... on level 1 of the Lair of Beasts.
             The game lasted 00:55:12 (9934 turns).

opellulo the Cleaver (Minotaur Fighter)             Turns: 9934, Time: 00:55:13

Health: -4/92      AC: 14    Str: 24    XL:     11   Next: 23%
Magic:  10/10      EV:  8    Int:  5    God:    Makhleb [****..]
Gold:   705        SH:  0    Dex: 10    Spells: 10/10 levels left

rFire    . . .     SeeInvis .   d - +3 dire flail (pain)
rCold    . . .     Gourm    .   (shield currently unavailable)
rNeg     . . .     Faith    .   B - +1 chain mail {MR+}
rPois    .         Spirit   .   (helmet restricted)
rElec    .         Reflect  .   o - scarf {cloud immunity}
rCorr    +         Harm     .   g - +0 pair of gloves
MR       +....                  (no boots)
Stlth    ..........             (no amulet)
HPRegen  0.25/turn              q - ring of resist corrosion
MPRegen  0.12/turn              Q - ring of flight

@: very slightly contaminated, invisible
A: retaliatory headbutt, horns 2
a: Minor Destruction, Lesser Servant of Makhleb, Major Destruction, Renounce
Religion, Evoke Flight


You were on level 1 of the Lair of Beasts.
You worshipped Makhleb.
Makhleb was greatly pleased with you.
You were not hungry.

You visited 2 branches of the dungeon, and saw 11 of its levels.

You collected 705 gold pieces.

Inventory:

Hand Weapons
 a - a +4 war axe of holy wrath
 d - a +3 dire flail of pain (weapon)
 v - a +2 scythe of freezing
 y - a +4 war axe of chopping
 J - a +0 scimitar
Missiles
 E - 7 tomahawks (quivered)
 F - 4 throwing nets
Armour
 g - a +0 pair of gloves (worn)
 o - a scarf of cloud immunity (worn)
 s - a +0 shield
 B - a +1 chain mail of magic resistance (worn)
 L - a +0 troll leather armour
 M - a +0 cloak
Jewellery
 q - a ring of resist corrosion (left hand)
 H - an uncursed ring of protection from cold
 Q - a ring of flight (right hand)
Wands
 n - a wand of acid (12)
 p - a wand of enslavement (8)
 u - a wand of digging (2)
 w - a wand of iceblast (18)
 D - a wand of scattershot (5)
 G - a wand of disintegration (12)
 I - a wand of polymorph (9)
 O - a wand of flame (9)
Scrolls
 e - 9 scrolls of remove curse
 h - 2 scrolls of fog
 i - a scroll of blinking
 j - 2 scrolls of identify
 l - 4 scrolls of amnesia
 x - 3 scrolls of teleportation
 z - a scroll of magic mapping
 C - a scroll of summoning
Potions
 c - a potion of mutation
 k - a potion of ambrosia
 r - a potion of cancellation
 t - 2 potions of flight
 A - 3 potions of agility
 N - a potion of brilliance
 P - a potion of lignification {unknown}
Comestibles
 f - 5 rations


   Skills:
 * Level 7.5 Fighting
 + Level 14.5 Axes
 + Level 1.9 Throwing
 * Level 9.8 Armour
 - Level 10.0 Shields


You had 10 spell levels left.
You didn't know any spells.
Your spell library contained the following spells:

 Spells                   Type           Power        Failure   Level  Hunger
 Beastly Appendage        Tmut           #.....       96%         1    ##.....
 Infusion                 Chrm           #...         96%         1    ##.....
 Shroud of Golubria       Chrm/Tloc      #.........   99%         2    ###....
 Song of Slaying          Chrm           #.......     99%         2    ###....
 Sticks to Snakes         Tmut           #.......     99%         2    ###....
 Regeneration             Chrm/Necr      #.........   100%        3    ####...
 Spectral Weapon          Hex/Chrm       #.......     100%        3    ####...
 Spider Form              Tmut/Pois      #.........   100%        3    ####...
 Ice Form                 Ice/Tmut       #.......     100%        4    #####..
 Blade Hands              Tmut           #.........   100%        5    ######.


Dungeon Overview and Level Annotations

Branches:
Dungeon (10/15)            Temple (0/1) D:7            Lair (1/6) D:8
    Orc: D:9-12

Altars:
Ashenzari
Cheibriados
Elyvilon
Hepliaklqana
Kikubaaqudgha
Makhleb
Ru
Trog
Uskayaw
Vehumet
Wu Jian
Xom
Yredelemnul
The Shining One

Shops:
D:7 ?


Innate Abilities, Weirdness & Mutations

You reflexively headbutt those who attack you in melee.
You have a pair of horns on your head.


Message History

Press: ? - help, Shift-Dir - straight line, f/p - seven-headed hydra
Aim: a seven-headed hydra (severely wounded)
You fail to use your ability.
The seven-headed hydra bites you but does no damage.
The seven-headed hydra bites you! The seven-headed hydra bites you.
* * * LOW HITPOINT WARNING * * *
The seven-headed hydra closely misses you.
The seven-headed hydra bites you but does no damage.
The seven-headed hydra bites you!
* * * LOW HITPOINT WARNING * * *
The seven-headed hydra bites you but does no damage.
You sock the seven-headed hydra! You headbutt the seven-headed hydra.
The seven-headed hydra is almost dead.
The seven-headed hydra bites you.
* * * LOW HITPOINT WARNING * * *
The seven-headed hydra bites you!
* * * LOW HITPOINT WARNING * * *
The seven-headed hydra bites you but does no damage. x2
The seven-headed hydra bites you!
You die...

#....†........P
##...^.........
#....#.###....
#...#### ...
##...# .
#....## ##....#
##...## #..@.#
##.D## #...#
#...# #...#
#...## #....#
##...### ..
#.....## #...


You could see a seven-headed hydra.

Vanquished Creatures
  Harold (D:8)
  A two-headed ogre (D:8)
  An unseen horror (D:10)
  Pikel (D:6)
  Maurice (D:10)
  2 trolls
  A hornet (D:8)
  A hippogriff (D:10)
  Sigmund (D:4)
  Menkaure (D:6)
  A water moccasin (Lair:1)
  An acid dragon (D:6)
  Edmund (D:6)
  A porcupine (Lair:1)
  2 orc warriors
  4 black bears
  3 sky beasts (D:6)
  6 wolves (Lair:1)
  4 ogres
  3 phantoms
  7 centaurs
  A crocodile (Lair:1)
  2 big kobolds (D:7)
  Blork the orc (D:4)
  8 bullfrogs
  3 scorpions
  6 howler monkeys
  4 crimson imps
  2 bullfrog zombies
  2 quasits
  5 hounds
  2 centaur skeletons
  5 jellies
  A bullfrog skeleton (D:5)
  8 orc priests
  10 orc wizards
  An iguana (D:8)
  Terence (D:3)
  5 worker ants
  Natasha (thrice) (D:2)
  A howler monkey zombie (D:8)
  Robin (D:2)
  3 gnolls (D:6)
  10 adders
  A shadow imp (D:9)
  2 oozes
  An adder skeleton (D:10)
  An adder zombie (D:7)
  2 worms
  6 dart slugs
  3 leopard geckos
  31 orcs
  3 bats
  5 giant cockroaches
  11 goblins
  18 hobgoblins
  3 quokkas
  A ball python (D:1)
  3 frilled lizards
  12 kobolds
  A leopard gecko skeleton (D:4)
  A quokka skeleton (D:7)
  A quokka zombie (D:6)
  5 rats
  A fungus (D:8)
  9 plants (D:8)
250 creatures vanquished.

Vanquished Creatures (others)
  3 orcs (D:6)
3 creatures vanquished.

Grand Total: 253 creatures vanquished

Notes
Turn   | Place    | Note
-------+----------+-------------------------------------------
     0 | D:1      | opellulo the Minotaur Fighter began the quest for the Orb.
     0 | D:1      | Reached XP level 1. HP: 19/19 MP: 0/0
   115 | D:1      | Reached XP level 2. HP: 24/27 MP: 1/1
   891 | D:2      | Reached skill level 3 in Axes
   891 | D:2      | Reached XP level 3. HP: 33/33 MP: 2/2
   980 | D:2      | Noticed Natasha
   987 | D:2      | Killed Natasha
   987 | D:2      | Reached XP level 4. HP: 33/40 MP: 3/3
   995 | D:2      | Noticed Natasha
  1010 | D:2      | Killed Natasha
  1010 | D:2      | Reached skill level 4 in Axes
  1280 | D:2      | Noticed Natasha
  1283 | D:2      | Found a burning altar of Makhleb.
  1287 | D:2      | Killed Natasha
  1291 | D:2      | Reached XP level 5. HP: 19/47 MP: 4/4
  1305 | D:2      | Became a worshipper of Makhleb the Destroyer
  1633 | D:2      | Noticed Robin
  1641 | D:2      | Reached skill level 5 in Axes
  1654 | D:2      | Killed Robin
  2113 | D:3      | Reached skill level 5 in Shields
  2113 | D:3      | Reached XP level 6. HP: 8/53 MP: 5/5
  2148 | D:3      | Reached * piety under Makhleb
  2544 | D:3      | Noticed Terence
  2553 | D:3      | Killed Terence
  3113 | D:4      | Reached skill level 6 in Axes
  3121 | D:4      | Noticed Sigmund
  3135 | D:4      | Killed Sigmund
  3135 | D:4      | Reached XP level 7. HP: 29/60 MP: 6/6
  3295 | D:4      | Noticed Blork the orc
  3304 | D:4      | Killed Blork the orc
  3304 | D:4      | Reached skill level 7 in Axes
  3409 | D:4      | Reached skill level 5 in Armour
  3475 | D:4      | Reached skill level 8 in Axes
  3789 | D:4      | Reached skill level 5 in Fighting
  4021 | D:4      | Found an ornate altar of the Wu Jian Council.
  4091 | D:5      | Entered Level 5 of the Dungeon
  4365 | D:5      | Reached XP level 8. HP: 63/68 MP: 7/7
  4436 | D:5      | Reached skill level 9 in Axes
  4462 | D:5      | Found a burning altar of Makhleb.
  4620 | D:5      | Found a hide-covered altar of Uskayaw.
  4780 | D:5      | Found a snail-covered altar of Cheibriados.
  5035 | D:6      | Noticed Menkaure
  5046 | D:6      | Killed Menkaure
  5046 | D:6      | Reached skill level 10 in Axes
  5329 | D:6      | Reached ** piety under Makhleb
  5336 | D:6      | Noticed Edmund
  5346 | D:6      | Killed Edmund
  5399 | D:6      | Reached skill level 11 in Axes
  5459 | D:6      | Reached XP level 9. HP: 36/74 MP: 8/8
  5569 | D:6      | Noticed Pikel
  5588 | D:6      | Killed Pikel
  5588 | D:6      | Reached skill level 12 in Axes
  6009 | D:6      | Found a radiant altar of Vehumet.
  6126 | D:6      | Found a glowing golden altar of the Shining One.
  6312 | D:7      | Found a staircase to the Ecumenical Temple.
  6448 | D:7      | Found a hazy altar of Hepliaklqana.
  6472 | D:7      | Found an ancient bone altar of Kikubaaqudgha.
  6575 | D:7      | Found Eretzant's Magic Scroll Boutique.
  6684 | D:7      | Reached *** piety under Makhleb
  7024 | D:8      | Found a staircase to the Lair.
  7088 | D:8      | Found a shimmering altar of Xom.
  7090 | D:8      | Noticed Harold
  7094 | D:8      | Reached skill level 13 in Axes
  7109 | D:8      | Killed Harold
  7109 | D:8      | Reached XP level 10. HP: 56/81 MP: 9/9
  7121 | D:8      | Reached skill level 10 in Shields
  7122 | D:8      | Noticed a two-headed ogre
  7133 | D:8      | Paralysed by a hornet for 2 turns
  7143 | D:8      | Killed a two-headed ogre
  7191 | D:8      | Found a shattered altar of Ashenzari.
  7411 | D:8      | Found a basalt altar of Yredelemnul.
  7484 | D:8      | Found a white marble altar of Elyvilon.
  7513 | D:8      | Found a sacrificial altar of Ru.
  7776 | D:9      | Found a bloodstained altar of Trog.
  7863 | D:9      | Reached skill level 14 in Axes
  8042 | D:9      | Reached **** piety under Makhleb
  8577 | D:10     | Entered Level 10 of the Dungeon
  8644 | D:10     | Reached skill level 1 in Throwing
  8803 | D:10     | Found a shimmering altar of Xom.
  8837 | D:10     | Reached XP level 11. HP: 46/91 MP: 10/10
  8839 | D:10     | Noticed Maurice
  8863 | D:10     | Killed Maurice
  9127 | D:10     | Killed an unseen horror
  9671 | Lair:1   | Entered Level 1 of the Lair of Beasts
  9899 | Lair:1   | Noticed a seven-headed hydra
  9934 | Lair:1   | HP: 3/92 [seven-headed hydra (9)]
  9934 | Lair:1   | Slain by a seven-headed hydra

Skill      XL: |  1  2  3  4  5  6  7  8  9 10 11 |
---------------+----------------------------------+-----
Shields        | 4 5 6 7 9 10 | 10.0
Fighting       | 4 5 6 7 |  7.5
Axes           | 3 4 5 6 8 11 13 14 | 14.5
Armour         | 4 5 6 9 |  9.8
Throwing       | 1 |  1.9

Action                   |  1- 3 |  4- 6 |  7- 9 | 10-12 || total
-------------------------+-------+-------+-------+-------++-------
Melee: War axe           |    48 |   116 |   284 |   227 ||   675
       Headbutt          |     7 |    17 |    51 |    58 ||   133
       Dire flail        |       |       |       |     8 ||     8
Throw: Tomahawk          |       |    26 |    63 |    38 ||   127
Invok: Minor Destruction |       |       |       |     1 ||     1
Evoke: Wand              |       |       |     1 |       ||     1
  Use: Scroll            |       |     6 |     8 |     4 ||    18
       Potion            |       |     1 |     5 |     4 ||    10
  Eat: Ration            |       |     2 |     4 |     3 ||     9
Armor: Scale mail        |    20 |    66 |    57 |       ||   143
       Chain mail        |       |       |    49 |   127 ||   176
Dodge: Dodged            |    10 |    28 |    51 |    60 ||   149
Block: Shield            |    21 |    66 |   117 |   119 ||   323
